 Dungeon Crawl Stone Soup version 0.25-a0-1133-g93ebf739aa (webtiles) character file.

Game seed: 17875040048925941577, levelgen mode: classic

289 Amnesiac the Shooter (level 6, 0/34 HPs)
             Began as a Deep Elf Arcane Marksman on May 20, 2020.
             Slain by a gnoll
             ... wielding a +1 vorpal flail
              (1 damage)
             ... on level 3 of the Dungeon.
             The game lasted 00:07:49 (3178 turns).

Amnesiac the Shooter (Deep Elf Arcane Marksman)     Turns: 3178, Time: 00:07:50

Health: 0/34       AC:  5    Str:  9    XL:     6   Next: 9%
Magic:  6/10       EV: 13    Int: 18    God:
Gold:   88         SH:  0    Dex: 15    Spells: 5/8 levels left

rFire    . . .     SeeInvis .   a - +2 scythe (venom)
rCold    . . .     Gourm    .   (shield currently unavailable)
rNeg     + . .     Faith    .   p - +2 robe {rN+}
rPois    .         Spirit   .   c - +0 helmet
rElec    .         Reflect  .   (no cloak)
rCorr    .         Harm     .   (no gloves)
MR       .....                  (no boots)
Stlth    +.........             (no amulet)
HPRegen  0.11/turn              (no ring)
MPRegen  0.12/turn              (no ring)

@: no status effects
A: no striking features
a: no special abilities


You were on level 3 of the Dungeon.
You were hungry.

You visited 1 branch of the dungeon, and saw 3 of its levels.

You collected 88 gold pieces.

Inventory:

Hand Weapons
 a - a +2 scythe of venom (weapon)
 b - a +0 shortbow
 e - a +2 dagger of freezing
 n - a +2 dagger of holy wrath
 q - a +0 hunting sling
Missiles
 d - 31 arrows
 r - 81 stones (quivered)
Armour
 c - a +0 helmet (worn)
 p - a +2 robe of positive energy (worn)
Scrolls
 i - a scroll of magic mapping {!r, unknown}
 l - a scroll of identify {!r, unknown}
Potions
 g - a potion of magic {!q, unknown}
 h - a potion of might {!q}
 j - a potion of resistance {!q, unknown}
 m - a potion of curing {!q, unknown}
 o - a potion of degeneration {!q, unknown}
Comestibles
 f - 2 rations


   Skills:
 - Level 1.0 Fighting
 * Level 7.0 Bows
 - Level 2.4 Dodging
 - Level 1.5 Spellcasting
 - Level 4.0 Hexes


You had 5 spell levels left.
You knew the following spells:

 Your Spells              Type           Power        Failure   Level  Hunger
a - Corona                Hex            ###....      3%          1    ##.....
e - Slow                  Hex            ###.....     5%          2    ###....

Your spell library contained the following spells:

 Spells                   Type           Power        Failure   Level  Hunger
 Inner Flame              Hex/Fire       #.......     26%         3    ####...
 Portal Projectile        Hex/Tloc       #.....       26%         3    ####...
 Cause Fear               Hex            ###.......   36%         4    #####..
 Leda's Liquefaction      Hex/Erth       #.........   63%         4    #####..


Dungeon Overview and Level Annotations

Branches:
Dungeon (3/15)

Altars:


Message History

* * * LOW HITPOINT WARNING * * *
The gnoll barely misses you.
You are too injured to fight recklessly!
You are too injured to fight recklessly!
You kill the gnoll!
Your Bows skill increases to level 7!
You climb upwards.
There is a stone staircase leading down here.
You start resting.
Eating a chunk of flesh.
You eat the chunk of flesh.
This raw flesh tastes terrible.
HP restored.
You start waiting.
You are feeling hungry.
You climb downwards.
The gnoll closely misses you.
There is a stone staircase leading up, spattered with blood here.
The gnoll barely misses you.
You climb upwards.
There is a stone staircase leading down here.
You closely miss the gnoll. The gnoll misses you.
The gnoll hits you but does no damage.
You hit the gnoll.
The gnoll is moderately wounded.
The gnoll hits you with a +0 spear! The gnoll closely misses you.
You hit the gnoll.
The gnoll is poisoned.
The gnoll is heavily wounded.
The gnoll barely misses you. The gnoll closely misses you.
You closely miss the gnoll.
The gnoll is severely wounded.
The gnoll misses you. The gnoll hits you with a +0 spear.
You slash the gnoll!
You kill the gnoll!
Done exploring.
Done exploring.
You start resting.
HP restored.
You climb downwards.
The gnoll hits you with a +1 vorpal flail!
The gnoll hits you with a +1 vorpal flail.
* * * LOW HITPOINT WARNING * * *
x2
There is a stone staircase leading up, spattered with blood here.
Casting: Corona (safe; 3% risk of failure)
Confirm with . or Enter, or press ? or * to list all spells.
Aiming: Corona (safe; 3% risk of failure)
Press: ? - help, Shift-Dir - straight line, f - gnoll
Aim: a gnoll, wielding a +1 vorpal flail (chance to defeat MR: 61%)
The gnoll struggles to resist.
Casting: Corona (safe; 3% risk of failure)
Confirm with . or Enter, or press ? or * to list all spells.
Aiming: Corona (safe; 3% risk of failure)
Press: ? - help, Shift-Dir - straight line, f/p - gnoll
Aim: a gnoll, wielding a +1 vorpal flail (chance to defeat MR: 61%)
The gnoll is outlined in light.
The gnoll barely misses you.
Casting: Corona (safe; 3% risk of failure)
Confirm with . or Enter, or press ? or * to list all spells.
Aiming: Slow (safe; 5% risk of failure)
Press: ? - help, Shift-Dir - straight line, f/p - gnoll
Aim: a gnoll, wielding a +1 vorpal flail (softly glowing, chance to defeat MR: 61%)
The gnoll seems to slow down.
The gnoll hits you but does no damage.
You hit the gnoll.
The gnoll is lightly wounded.
The gnoll hits you with a +1 vorpal flail!
* * * LOW HITPOINT WARNING * * *
You die...

### #@# #g#
#)# #.# #.#
#.#
#.######
#......####
#...>......


You could see a gnoll (slow, corona).

Vanquished Creatures
  Sigmund (D:2)
  3 gnolls
  2 adders (D:2)
  3 worms (D:2)
  2 leopard geckos
  An orc (D:2)
  4 bats
  2 giant cockroaches (D:1)
  8 goblins
  8 hobgoblins
  11 jackals
  4 frilled lizards
  6 kobolds
  5 rats (D:1)
60 creatures vanquished.

Notes
Turn   | Place    | Note
-------+----------+-------------------------------------------
     0 | D:1      | Amnesiac the Deep Elf Arcane Marksman began the quest for
                  | the Orb.
     0 | D:1      | Reached XP level 1. HP: 11/11 MP: 5/5
   238 | D:1      | Reached skill level 1 in Fighting
   322 | D:1      | Reached skill level 3 in Bows
   322 | D:1      | Reached XP level 2. HP: 15/16 MP: 6/6
   326 | D:1      | Learned a level 2 spell: Slow
   829 | D:1      | Reached XP level 3. HP: 20/20 MP: 5/7
  1199 | D:2      | Reached skill level 4 in Bows
  1546 | D:2      | Noticed Sigmund
  1593 | D:2      | Killed Sigmund
  1593 | D:2      | Reached skill level 6 in Bows
  1593 | D:2      | Reached XP level 4. HP: 21/25 MP: 4/8
  1593 | D:2      | Reached XP level 5. HP: 25/29 MP: 4/9
  2720 | D:3      | Reached XP level 6. HP: 32/34 MP: 10/10
  2724 | D:3      | Reached skill level 7 in Bows
  3178 | D:3      | HP: 1/34 [gnoll/+1 vorpal flail (11)]
  3178 | D:3      | Slain by a gnoll

Illustrated notes

Levels and vault maps discovered:
D:1:      dpeg_arrival_castle, layout_basic, chequers_arboretum, chequers_garden
D:2:      layout_basic, uniq_sigmund
D:3:      layout_basic, dancing_weapons_uskayaw, ashenzari_altar_1

Skill      XL: |  1  2  3  4  5  6 |
---------------+-------------------+-----
Fighting       | 1 |  1.0
Bows           | 3 6 7 |  7.0
Dodging        | |  2.4
Spellcasting   | |  1.5
Hexes          | |  4.0

Action                   |  1- 3 |  4- 6 || total
-------------------------+-------+-------++-------
Melee: Dagger            |     2 |       ||     2
       Scythe            |       |    84 ||    84
 Fire: Shortbow          |    90 |       ||    90
       Hunting sling     |    18 |       ||    18
 Cast: Corona            |    35 |    15 ||    50
       Slow              |     5 |     5 ||    10
  Use: Potion            |     1 |       ||     1
 Stab: Sleeping          |       |     1 ||     1
  Eat: Chunk             |     1 |     4 ||     5
       Ration            |     1 |       ||     1
Armor: Robe              |     9 |    38 ||    47
Dodge: Dodged            |    25 |    88 ||   113

Table legend:
 A = Non-vault XP
 B = Vault XP
 C = Vault XP percentage of total XP
 D = Non-vault monster count
 E = Vault monster count
 F = Vault count percentage of total count
                 A         B        C        D         E       F
            +---------+---------+-------+---------+---------+-------
      Total |     175 |     238 |  57.6 |      59 |       1 |   1.7
            +---------+---------+-------+---------+---------+-------
        D:1 |      48 |       0 |   0.0 |      29 |       0 |   0.0
        D:2 |      93 |     238 |  71.9 |      25 |       1 |   3.8
        D:3 |      34 |       0 |   0.0 |       5 |       0 |   0.0
            +---------+---------+-------+---------+---------+-------
